 Dungeon Crawl Stone Soup version 0.14-a0-586-g2535b90 (webtiles) character file.

84 PolkaDot the Sneak (level 3, -3/22 HPs)
             Began as a Vampire Wizard on Nov 3, 2013.
             Slain by Sigmund
             ... wielding a +0,+0 scythe
              (8 damage)
             ... on Level 2 of the Dungeon.
             The game lasted 00:05:06 (1405 turns).

PolkaDot the Sneak (Vampire Wizard)                 Turns: 1405, Time: 00:05:06

HP  -3/22        AC  7     Str  6      XL: 3   Next: 28%
MP  10/10        EV 12     Int 21      God:
Gold 45          SH  0     Dex 12      Spells:  1 memorised,  7 levels left

Res.Fire  : . . .   See Invis. : +   n - +2,+0 mace (protect)
Res.Cold  : . . .   Warding    : .   a - +0 robe
Life Prot.: . . .   Conserve   : .   (no shield)
Res.Poison: .       Res.Corr.  : .   b - +0 wizard hat
Res.Elec. : .       Clarity    : .   (no cloak)
Sust.Abil.: . .     Spirit.Shd : .   (no gloves)
Res.Mut.  : .       Stasis     : .   (no boots)
Res.Rott. : .       Flight     : .   (no amulet)
Saprovore : . . .                    (no ring)
                                     (no ring)

@: regenerating quickly, confused, very slightly contaminated, hasted, very
quick, slightly resistant to hostile enchantments, unstealthy
A: fangs 3, see invisible, unbreathing
a: no special abilities


You were on level 2 of the Dungeon.
You were full.

You visited 1 branch of the dungeon, and saw 2 of its levels.

You collected 45 gold pieces.

Inventory:

Hand weapons
 n - a +2,+0 mace of protection (weapon)
Armour
 a - a +0 robe (worn)
 b - a +0 wizard hat (worn)
Scrolls
 h - a scroll of magic mapping {unknown}
 i - a scroll of identify {unknown}
 j - a scroll of curse weapon {unknown}
 l - a scroll of enchant weapon II {unknown}
Books
 c - a book of Minor Magic

   Spells                             Type                      Level
   *Magic Dart                        Conjuration                  1
   Blink                              Translocation                2
   Call Imp                           Summoning                    2
   Repel Missiles                     Charms/Air                   2
   Slow                               Hexes                        2
   Conjure Flame                      Conjuration/Fire             3
   Mephitic Cloud                     Conjuration/Poison/Air       3


   Skills:
 - Level 2.1 Dodging
 - Level 3.0 Stealth
 - Level 3.0 Spellcasting
 * Level 2.3 Conjurations
   Level 1.0 Summonings
   Level 0.7 Translocations


You had 7 spell levels left.
You knew the following spells:

 Your Spells              Type           Power        Failure   Level  Hunger
a - Magic Dart            Conj           ##..         6%          1    None


Dungeon Overview and Level Annotations

Branches:
Dungeon (2/27)

Altars:

Annotations:
D:2 Sigmund


Innate Abilities, Weirdness & Mutations

Your natural rate of healing is unusually fast.
You have razor-sharp teeth.*
You have supernaturally acute eyesight.
You can survive without breathing.*


Message History

Sigmund closely misses you.
You hit Sigmund but do no damage. You bite Sigmund, but do no damage.
Sigmund is almost dead.
You hit Sigmund but do no damage.
Sigmund is almost dead.
Sigmund gestures at you while chanting. The magic dart hits you!
You hit Sigmund.
Sigmund is almost dead.
Sigmund closely misses you.
You hit Sigmund.
Sigmund is almost dead.
Sigmund points at you and mumbles some strange words.
You are confused.
You swing at nothing.
Sigmund misses you.
You swing at nothing.
You swing at nothing.
Sigmund hits you with a scythe.
* * * LOW HITPOINT WARNING * * *
You swing at nothing.
Sigmund hits you with a scythe!
You die...

.<...## #........#
###.## #.##.###.#
#.# # #.# #.# #.#
#.###.## #+#
#......# ##...#
#.###.##..# #.....#
#.....[...#
.......######.#.#!#
........# #...#@.#
........+.......#@#
........####...##..#
.......### ##.# #.##
.......... ..# #.#
.#.....#####. ...
.##+#..# # ...
.##.#..# ...
%......# ...


You could see Sigmund (invisible).

Vanquished Creatures
  A worm (D:2)
  2 giant geckos
  2 giant cockroaches (D:1)
  6 goblins
  4 hobgoblins (D:1)
  4 bats
  2 giant newts (D:1)
  5 kobolds
  4 rats
30 creatures vanquished.

Notes
Turn   | Place    | Note
--------------------------------------------------------------
     0 | D:1      | PolkaDot, the Vampire Wizard, began the quest for the Orb.
     0 | D:1      | Reached XP level 1. HP: 11/11 MP: 6/6
    80 | D:1      | Reached skill level 1 in Conjurations
   299 | D:1      | Reached XP level 2. HP: 12/17 MP: 5/8
  1048 | D:2      | Reached XP level 3. HP: 22/22 MP: 10/10
  1366 | D:2      | Noticed Sigmund
  1405 | D:2      | Slain by Sigmund

Action                   || total
-------------------------++-------
Melee: Unarmed           ||    13
       Mace              ||    55
       Short sword       ||    28
 Cast: Magic Dart        ||    57
  Use: Scroll            ||     3
       Potion            ||     6
 Stab: Sleeping          ||     2
